 Dungeon Crawl Stone Soup version 0.29.1-12-g30fa7ad0bf (webtiles) character file.

Game seed: 18202566153356789748

5285 xian the Carver (level 10, -3/79 HPs)
             Began as a Naga Gladiator on Dec 25, 2022.
             Was a Believer of Qazlal.
             Slain by a slime creature (19 damage)
             ... on level 9 of the Dungeon.
             The game lasted 00:26:05 (9022 turns).

xian the Carver (Naga Gladiator)                    Turns: 9022, Time: 00:26:06

Health: -3/79      AC:  0    Str: 26    XL:     10   Next: 63%
Magic:  10/10      EV: 11    Int:  8    God:    Qazlal [**....]
Gold:   267        SH: 20    Dex: 18    Spells: 9/9 levels left

rFire   . . .      SeeInvis +   b - +7 Throatcutter {drain, coup de grace}
rCold   . . .      Faith    .   J - +2 kite shield
rNeg    . . .      Spirit   .   p - +0 steam dragon scales
rPois   +          Reflect  +   c - +0 helmet
rElec   .          Harm     .   (no cloak)
rCorr   .          Rampage  .   (no gloves)
Will    +....                   (no barding)
Stlth   ++........              y - amulet of reflection
HPRegen 0.23/turn               E - +6 ring of strength
MPRegen 0.12/turn               n - +6 ring of dexterity

@: corroded, very slow
A: AC +3, large, see invisible, deformed body, poison resistance, slowness 2,
spit poison 1, naga tail 1, dopey 1, frail 1
a: Spit Poison, Renounce Religion, Upheaval


You were on level 9 of the Dungeon.
You worshipped Qazlal.
Qazlal was pleased with you.
You visited 2 branches of the dungeon, and saw 10 of its levels.

You collected 480 gold pieces.
You spent 213 gold pieces at shops.

Inventory:

Hand Weapons
 b - the +7 Throatcutter (weapon) {drain, coup de grace}
   (You found it on level 4 of the Dungeon)

   A truly terrible weapon, it drains the life of any living foe it strikes.
   It may instantly kill foes which have little health.
 K - a +6 flail of holy wrath
Missiles
 d - 5 throwing nets
 e - 3 javelins
 f - 8 boomerangs
 g - 66 stones
 A - 12 poisoned darts (quivered)
Armour
 c - a +0 helmet (worn)
 p - +0 steam dragon scales (worn)
 J - a +2 kite shield (worn)
Magical Staves
 s - a staff of conjuration
Jewellery
 m - a ring of positive energy
 n - a +6 ring of dexterity (right hand)
 y - an amulet of reflection (around neck)
 E - a +6 ring of strength (left hand)
 G - an amulet of the acrobat
 O - a ring of fire
Wands
 B - a wand of flame (7)
 D - a wand of charming (8)
Scrolls
 i - 6 scrolls of teleportation {unknown}
 k - 3 scrolls of poison {unknown}
 v - 2 scrolls of enchant weapon
 x - 4 scrolls of fear {unknown}
 z - a scroll of immolation
 H - 2 scrolls of blinking
Potions
 a - a potion of berserk rage {unknown}
 h - a potion of cancellation {unknown}
 j - 3 potions of heal wounds
 l - 2 potions of mutation
 o - a potion of invisibility {unknown}
 q - a potion of ambrosia {unknown}
 r - 2 potions of curing {unknown}
 t - a potion of resistance {unknown}
 u - 2 potions of brilliance {unknown}
 w - 4 potions of magic
 C - 2 potions of lignification
 F - 2 potions of attraction {unknown}
 I - 2 potions of haste
 L - a potion of flight {unknown}


   Skills:
 + Level 5.2 Fighting
 + Level 8.5 Long Blades
 + Level 5.3 Axes
 + Level 3.1 Throwing
 + Level 4.7 Armour
 + Level 5.5 Dodging
 + Level 4.2 Stealth
 + Level 5.3 Shields


You had 9 spell levels left.
You didn't know any spells.
Your spell library contained the following spells:

 Spells                   Type           Power      Damage    Failure   Level
 Poisonous Vapours        Pois/Air       0%         N/A       82%         2
 Dazzling Flash           Conj/Hex       0%         N/A       96%         3
 Iskenderun's Mystic Bla  Conj/Tloc      0%         2d3       100%        4
 Fireball                 Conj/Fire      0%         3d3       100%        5
 Iskenderun's Battlesphe  Conj           0%         2d6       100%        5
 Silence                  Hex/Air        0%         N/A       100%        5
 Conjure Ball Lightning   Conj/Air       0%         3x3d6     100%        6
 Starburst                Conj/Fire      0%         6d3       100%        6
 Orb of Destruction       Conj           0%         9d5       100%        7
 Chain Lightning          Conj/Air       0%         N/A       100%        9


Dungeon Overview and Level Annotations

Branches:
Dungeon (9/15)             Temple (1/1) D:5
   Lair: D:8-11         Orc: D:9-12

Altars:
Ashenzari
Cheibriados
Dithmenos
Elyvilon
Fedhas
Hepliaklqana
Kikubaaqudgha
Makhleb
Nemelex Xobeh
Okawaru
Qazlal
Ru
Sif Muna
Trog
Uskayaw
Vehumet
Wu Jian
Xom
Yredelemnul
Zin
The Shining One

Shops:
D:1 :   D:4 *   D:8 ([*


Innate Abilities, Weirdness & Mutations

Your serpentine skin is tough. (AC +3)
You have supernaturally acute eyesight. (SInv)
Armour fits poorly on your strangely shaped body.
Your system is resistant to poisons. (rPois)
You cover ground very slowly.
You can spit poison.
You have a snake-like lower body.
You are dopey. (Int -2)
You are frail. (-10% HP)


Message History

The kobold brigand is wielding a +0 club and quivering curare-tipped darts.
You block the slime creature's attack. You block the acid dragon's attack.
The acid dragon claws you but does no damage.
You see here a killer bee corpse.
You barely miss the acid dragon. You block the slime creature's attack.
You block the acid dragon's attack. The acid dragon barely misses you.
You barely miss the acid dragon. The slime creature misses you.
The acid dragon spits acid at you. The splash of acid misses you.
You hear two shouts! x2
You hit the acid dragon.
The acid dragon is lightly wounded.
A two-headed ogre comes into view.
It is wielding two +0 giant spiked clubs.
You block the slime creature's attack. The acid dragon spits acid at you.
The splash of acid hits you. The acid corrodes you!
The slime creature hits you but does no damage.
The acid dragon spits acid at you. The splash of acid hits you!!
* * * LOW HITPOINT WARNING * * *
The acid corrodes you!
You hear a bellow! x2
You slash the acid dragon! You drain the acid dragon.
You put the acid dragon out of its misery!
You kill the acid dragon!
Qazlal accepts your kill. You block the slime creature's attack.
The slime creature attacks as you move away!
You block the slime creature's attack. The slime creature hits you!
* * * LOW HITPOINT WARNING * * *
You hit the slime creature.
The slime creature is lightly wounded.
You block the slime creature's attack.
It was a potion of magic.
Magic courses through your body. You block the slime creature's attack.
It was a potion of mutation.
You feel extremely strange.
You feel stupid.
You feel frail.
The orc priest casts a cantrip, but nothing happens.
The slime creature hits you!!
You die...

####### # #
#♣≈≈≈~~♣.♣ ~ #
#≈≈≈~~~♣.♣~~ #
#≈≈~~~.....~ #
#≈≈~~...~... # ♣
#~~~...~≈~.. ♣.
#~~...~≈~≈~.
#♣.♣♣♣♣♣♣....###..
.♣♣♣
#....†@JKO.)#).B#
....
#♣♣♣.♣♣♣♣o...###..
.♣♣♣ ♣...♣#
~...~≈~≈~ #
♣♣♣..#~~~...~≈~. #
♣..≈.#≈≈o~...~.. #
♣.~≈.#≈≈~~~.....
♣♣~≈.#≈≈≈~~~♣.♣~
♣..♣#♣≈≈≈~~♣.♣
##♣.♣##


You could see a slime creature, a two-headed ogre, a kobold brigand and an orc
priest.

Vanquished Creatures
  A boulder beetle (D:9)
  Maggie (D:6)
  A troll (D:7)
  A hornet (D:9)
  A yak (D:9)
  2 wyverns
  Menkaure (D:6)
  Edmund (D:6)
  2 acid dragons (D:9)
  A water moccasin (D:5)
  2 black bears
  2 sky beasts
  An ice beast (D:8)
  An orc warrior (D:9)
  2 ogres
  3 centaurs
  Blork the orc (D:6)
  2 bullfrogs (D:8)
  3 necrophages
  A gnoll sergeant (D:7)
  3 scorpions
  A wight (D:9)
  8 killer bees (D:9)
  An electric eel (D:9)
  2 howler monkeys
  A quasit (D:5)
  2 hounds
  4 jellies
  2 gnoll boudas
  5 iguanas
  6 orc wizards
  13 gnolls
  10 adders
  2 shadow imps
  4 white imps (D:6)
  An ufetubus (D:6)
  A worm (D:2)
  5 dart slugs
  10 orcs
  5 ball pythons
  6 endoplasms
  4 giant cockroaches
  9 hobgoblins
  8 kobolds
  2 quokkas
  8 bats
  A frilled lizard (D:3)
  9 goblins
  4 rats
167 creatures vanquished.

Vanquished Creatures (others)
  A shadow imp (D:6)
  2 demonic plants (D:6)
  4 plants (D:9)
7 creatures vanquished.

Grand Total: 174 creatures vanquished

Notes
Turn   | Place    | Note
-------+----------+-------------------------------------------
     0 | D:1      | xian the Naga Gladiator began the quest for the Orb.
     0 | D:1      | Reached XP level 1. HP: 19/19 MP: 1/1
   311 | D:1      | Reached XP level 2. HP: 26/26 MP: 2/2
   597 | D:1      | Found Batig's Vocational Training.
   940 | D:2      | Reached XP level 3. HP: 32/32 MP: 3/3
  1678 | D:2      | Got Gyuzxyni's Octavo of Air
  1763 | D:3      | Reached XP level 4. HP: 39/39 MP: 4/4
  1869 | D:3      | Found a glowing silver altar of Zin.
  1937 | D:3      | Found a burning altar of Makhleb.
  2074 | D:3      | HP: 1/39 [orc wizard/+0 dagger (1)]
  2079 | D:3      | Reached skill level 1 in Armour
  2224 | D:3      | Found a faded altar of an unknown god.
  2392 | D:4      | Reached XP level 5. HP: 45/45 MP: 5/5
  2504 | D:4      | Reached skill level 1 in Stealth
  2615 | D:4      | Reached XP level 6. HP: 43/54 MP: 6/6
  2704 | D:4      | Found Neguref's Gadget Gallery.
  2773 | D:4      | Found the +7 Throatcutter {drain, coup de grace}
  2799 | D:4      | Reached skill level 5 in Axes
  3123 | D:4      | Found a sparkling altar of Nemelex Xobeh.
  3356 | D:5      | Entered Level 5 of the Dungeon
  3365 | D:5      | Reached skill level 1 in Long Blades
  3365 | D:5      | Reached XP level 7. HP: 57/61 MP: 7/7
  3368 | D:5      | Reached skill level 1 in Shields
  3662 | D:5      | Found a staircase to the Ecumenical Temple.
  3683 | Temple   | Entered the Ecumenical Temple
  3909 | Temple   | Became a worshipper of Qazlal Stormbringer
  4030 | D:5      | Reached skill level 2 in Long Blades
  4422 | D:5      | Reached skill level 3 in Long Blades
  4486 | D:6      | Noticed Maggie
  4490 | D:5      | Reached XP level 8. HP: 57/69 MP: 8/8
  4875 | D:6      | Killed Maggie
  4876 | D:6      | Reached skill level 4 in Long Blades
  5253 | D:6      | Noticed Blork the orc
  5265 | D:6      | Killed Blork the orc
  5380 | D:6      | Found an ornate altar of the Wu Jian Council.
  5383 | D:6      | Noticed Menkaure
  5385 | D:6      | Reached skill level 5 in Long Blades
  5390 | D:6      | Killed Menkaure
  5391 | D:6      | Reached XP level 9. HP: 39/78 MP: 9/9
  5698 | D:6      | Noticed Edmund
  5724 | D:6      | Killed Edmund
  6376 | D:6      | Found a shadowy altar of Dithmenos.
  6472 | D:6      | You fall into a shaft and drop 1 floor!
  6563 | D:7      | Reached skill level 6 in Long Blades
  6836 | D:7      | Noticed a troll
  6842 | D:7      | Killed a troll
  6929 | D:7      | Found a broken altar of Ashenzari.
  7205 | D:7      | Reached * piety under Qazlal
  7603 | D:8      | Found Hire's Armour Boutique.
  7664 | D:8      | Found Agog's Antique Weapon Emporium.
  7713 | D:8      | Found Yhaol's Distillery.
  7741 | D:8      | Found Ysiysimo's Assorted Antiques.
  7744 | D:8      | Bought a scroll labelled VAEREM NANUD for 24 gold pieces
  7744 | D:8      | Bought a grey potion for 21 gold pieces
  7744 | D:8      | Bought an iron ring for 120 gold pieces
  7955 | D:8      | Reached skill level 7 in Long Blades
  8021 | D:8      | Found a bloodstained altar of Trog.
  8131 | D:8      | Found an iron altar of Okawaru.
  8131 | D:8      | Found a sacrificial altar of Ru.
  8344 | D:8      | Bought a scroll of identify for 48 gold pieces
  8450 | D:9      | Reached XP level 10. HP: 77/87 MP: 10/10
  8756 | D:9      | Found a shimmering blue altar of Sif Muna.
  8765 | D:9      | Reached ** piety under Qazlal
  8766 | D:9      | Reached skill level 5 in Fighting
  8768 | D:9      | Reached skill level 5 in Dodging
  8931 | D:9      | Noticed a boulder beetle
  8973 | D:9      | Killed a boulder beetle
  8974 | D:9      | Reached skill level 8 in Long Blades
  8974 | D:9      | Reached skill level 5 in Shields
  9016 | D:9      | Noticed a two-headed ogre
  9022 | D:9      | Gained mutation: You are dopey. (Int -2) [potion of
                  | mutation]
  9022 | D:9      | Gained mutation: You are frail. (-10% HP) [potion of
                  | mutation]
  9022 | D:9      | Slain by a slime creature

Illustrated notes

Levels and vault maps discovered:
D:1:      ebering_trefoil_3fold, layout_loops_cross,
          chequers_serial_rivers_room_b, nicolae_shop_vocational
D:2:      layout_basic
D:3:      layout_rooms, lemuel_crystal_altar, mainiacjoe_overflow_tiny_flanked,
          hellmonk_ecumenical_altar_zigzags
D:4:      layout_rooms, nemelex_spade_bored_becter, nicolae_shop_gadgets
D:5:      layout_basic, minmay_temple_entry_sparse_star, serial_glass,
          glass_columns_c, glass_columns_a
D:6:      layout_basic, mainiacjoe_overflow_small_starburst,
          lemuel_doored_altar, serial_demonic, serial_demonic_f,
          serial_demonic_a, serial_demonic_f, serial_demonic_c,
          serial_demonic_b, uniq_maggie, uniq_edmund, uniq_menkaure,
          uniq_blork_the_orc
D:7:      layout_basic, amcnicky_altar_gilded
D:8:      layout_loops_ring, trog_hazing_becter,
          gammafunk_temple_overflow_elements, serial_shops, shop_fountains,
          nicolae_square_shop, shop, kennysheep_mini_moat
D:9:      nzn_winding_woodlands_large [nzn_winding_woodlands_5x5_perimeter,
          nzn_winding_woodlands_5x15_pathside_ponds,
          nzn_winding_woodlands_5x5_checkerboard,
          nzn_winding_woodlands_center_lodge,
          nzn_winding_woodlands_15x15_eel_pit,
          nzn_winding_woodlands_center_pierced_h,
          nzn_winding_woodlands_hourglass, nzn_winding_woodlands_5x15_pockets,
          nzn_winding_woodlands_5x5_open_star], layout_long_grid,
          mainiacjoe_overflow_concentric_impassable, grunt_gozag_statues,
          chequers_avenue
Temple:   bh_familiar_temple

Skill      XL: |  1  2  3  4  5  6  7  8  9 10 |
---------------+-------------------------------+-----
Throwing       | 2 3 |  3.1
Dodging        | 3 4 5 |  5.5
Axes           | 4 5 |  5.3
Armour         | 1 2 3 4 |  4.7
Stealth        | 1 2 3 4 |  4.2
Long Blades    | 1 3 5 7 8 |  8.5
Shields        | 1 2 4 5 |  5.3
Fighting       | 3 4 5 |  5.2

Action                   |  1- 3 |  4- 6 |  7- 9 | 10-12 || total
-------------------------+-------+-------+-------+-------++-------
Melee: War axe           |    29 |    54 |       |       ||    83
       Punch             |       |     1 |     1 |       ||     2
       Long sword        |       |    17 |   179 |    75 ||   271
Throw: Throwing net      |     1 |       |       |       ||     1
       Stone             |    12 |     7 |     4 |       ||    23
       Dart              |       |       |    13 |     5 ||    18
 Abil: Spit Poison       |    28 |    24 |    13 |     5 ||    70
  Use: Potion            |       |     2 |       |     2 ||     4
       Scroll            |       |       |     8 |       ||     8
 Stab: Sleeping          |     1 |       |     2 |       ||     3
Armor: Leather armour    |    14 |     6 |       |       ||    20
       Scale mail        |       |    20 |    33 |       ||    53
       Steam dragon scal |       |       |    29 |    10 ||    39
Dodge: Dodged            |    26 |    46 |    85 |    21 ||   178
Block: Other             |       |    28 |    31 |       ||    59
       Reflection        |       |     2 |    14 |     4 ||    20
       Kite shield       |       |       |   122 |    72 ||   194
